 Dungeon Crawl Stone Soup version 0.29.1-4-g47bece8355 (webtiles) character file.

Game seed: 4423125330258417649

599 KittyFluff the Cudgeller (level 7, -2/66 HPs)
             Began as a Gargoyle Berserker on Dec 2, 2022.
             Was a Priest of Trog.
             Slain by Pikel
             ... wielding a +0 whip of freezing
              (3 damage)
             ... on level 4 of the Dungeon.
             The game lasted 00:16:15 (3218 turns).

KittyFluff the Cudgeller (Gargoyle Berserker)       Turns: 3218, Time: 00:16:18

Health: -2/66      AC: 10    Str: 21    XL:     7   Next: 41%
Magic:  7/7        EV: 12    Int: 10    God:    Trog [***...]
Gold:   142        SH:  0    Dex: 11    Spells: 6/6 levels left

rFire   . . .      SeeInvis .   j - +2 flail (vorpal)
rCold   . . .      Faith    .   (no shield)
rNeg    + . .      Spirit   .   k - +1 leather armour of Ashenzari, Transmuting {Regen+ rCorr Int+3}
rPois   ∞          Reflect  .   z - +0 helmet
rElec   +          Harm     .   (no cloak)
rCorr   +          Rampage  .   (no gloves)
Will    .....                   (no boots)
Stlth   ..........              (no amulet)
HPRegen 1.01/turn               (no ring)
MPRegen 0.10/turn               (no ring)

@: berserking, very quick
A: sickness immunity, AC +4, negative energy resistance 1, electricity
resistance, torment resistance 1, petrification resistance
a: Renounce Religion, Berserk, Trog's Hand


You were on level 4 of the Dungeon.
You worshipped Trog.
Trog was most pleased with you.
You visited 1 branch of the dungeon, and saw 4 of its levels.
You also visited: Sewer.

You collected 142 gold pieces.

Inventory:

Hand Weapons
 a - a +0 mace
 j - a +2 vorpal flail (weapon)
Missiles
 m - 17 stones (quivered)
 u - 3 boomerangs
 x - 3 poisoned darts
Armour
 k - the +1 leather armour of Ashenzari, Transmuting (worn) {Regen+ rCorr Int+3}
   (You found it on level 2 of the Dungeon)

   Int:       It affects your intelligence (+3).
   Regen:     It increases your rate of health regeneration.
   rCorr:     It protects you from acid and corrosion.
 n - the -1 pair of gloves of the King of the Hill {Harm Will+ MP-9 Str+4}
   (You found it on level 2 of the Dungeon)

   Str:       It affects your strength (+4).
   MP:        It affects your magic capacity (-9).
   Harm:      It increases damage dealt and taken.
   Will:      It increases your willpower.
 r - a +0 troll leather armour {Pargi}
 z - a +0 helmet (worn)
Magical Staves
 l - a staff of cold
Jewellery
 w - an amulet of magic regeneration
Scrolls
 f - 2 scrolls of identify {unknown}
 g - a scroll of vulnerability {unknown}
 i - a scroll of enchant weapon {unknown}
 o - a scroll of silence {unknown}
 s - a scroll of poison {unknown}
 t - a scroll of teleportation {unknown}
 v - a scroll of brand weapon {unknown}
Potions
 c - 2 potions of might {unknown}
 d - 5 potions of curing {unknown}
 e - 3 potions of heal wounds {unknown}
 h - 4 potions of flight {unknown}
 p - a potion of berserk rage {unknown}
 q - a potion of haste


   Skills:
 + Level 4.5 Fighting
 + Level 6.0 Maces & Flails
 * Level 1.1 Throwing
 * Level 4.3 Armour
 + Level 2.5 Dodging
 + Level 1.4 Stealth


You had 6 spell levels left.
You didn't know any spells.
Your spell library was empty.

Dungeon Overview and Level Annotations

Branches:
Dungeon (4/15)              Sewer (visited)
 Temple: D:4-7

Altars:
Hepliaklqana

Annotations:
D:4 Pikel


Innate Abilities, Weirdness & Mutations

You are immune to sickness and miasma.
Your stone body is resilient. (AC +4)
You are immune to poison.
You resist negative energy. (rN+)
You are resistant to electric shocks. (rElec)
You are resistant to unholy torment.
You are immune to petrification.


Message History

The lemure shouts!
Pikel closely misses you.
You hit Pikel.
Pikel is lightly wounded.
Pikel hits you with a +0 whip of freezing!
Pikel freezes you. The lemure hits you!
You hit Pikel.
Pikel is moderately wounded.
Pikel hits you with a +0 whip of freezing.
Pikel freezes you. The lemure completely misses you.
You barely miss Pikel.
Pikel is moderately wounded.
Pikel hits you with a +0 whip of freezing.
Pikel freezes you. The lemure hits you but does no damage.
A kobold comes into view. It is wielding a +0 short sword.
The lemure hits you. The lemure closely misses you.
A red film seems to cover your vision as you go berserk!
You feel yourself moving faster!
You feel mighty!
Pikel hits you with a +0 whip of freezing.
Pikel freezes you. The lemure hits you.
* * * LOW HITPOINT WARNING * * *
The lemure hits you but does no damage. x2
You hit Pikel.
Pikel is moderately wounded.
Pikel hits you with a +0 whip of freezing.
* * * LOW HITPOINT WARNING * * *
Pikel freezes you.
* * * LOW HITPOINT WARNING * * *
The lemure hits you but does no damage. The lemure hits you.
* * * LOW HITPOINT WARNING * * *
The lemure hits you.
* * * LOW HITPOINT WARNING * * *
You closely miss Pikel.
Pikel is moderately wounded.
The lemure barely misses you. The lemure hits you.
* * * LOW HITPOINT WARNING * * *
Pikel hits you with a +0 whip of freezing!
* * * LOW HITPOINT WARNING * * *
Pikel freezes you.
You die...

######### #.......#
#.......#############
###.......#...........##
..........#.............
......''###.....55......
......#)#.).....@K..K...
......+.[.#.....55......
......##############....
......# ... ......# .
......# ......# ......#
......######


You could see Pikel, 4 lemures and a kobold.

Vanquished Creatures
  Sigmund (D:4)
  Pargi (Sewer)
  A scorpion (D:4)
  Jessica (D:2)
  3 iguanas (D:4)
  Robin (D:4)
  6 adders
  A river rat (D:3)
  A worm (D:2)
  A dart slug (D:1)
  7 orcs
  11 ball pythons
  6 bats
  8 endoplasms
  6 giant cockroaches
  10 goblins
  6 hobgoblins
  8 jackals
  3 quokkas
  5 frilled lizards
  7 kobolds
  5 rats
99 creatures vanquished.

Vanquished Creatures (others)
  A fungus (D:3)
1 creature vanquished.

Grand Total: 100 creatures vanquished

Notes
Turn   | Place    | Note
-------+----------+-------------------------------------------
     0 | D:1      | KittyFluff the Gargoyle Berserker began the quest for the
                  | Orb.
     0 | D:1      | Reached XP level 1. HP: 14/14 MP: 1/1
    86 | D:1      | Reached XP level 2. HP: 19/19 MP: 2/2
   699 | D:1      | Reached XP level 3. HP: 21/24 MP: 3/3
   947 | D:2      | Found a hazy altar of Hepliaklqana.
  1021 | D:2      | Identified the +1 leather armour of Ashenzari, Transmuting
                  | {Regen+ rCorr Int+3}
  1131 | D:2      | Reached ** piety under Trog
  1216 | D:2      | Found a faded altar of an unknown god.
  1267 | D:2      | Reached XP level 4. HP: 29/29 MP: 4/4
  1498 | D:2      | Noticed Jessica
  1509 | D:2      | Killed Jessica
  1510 | D:2      | Reached skill level 4 in Maces & Flails
  1557 | D:2      | Identified the -1 pair of gloves of the King of the Hill
                  | {Harm Will+ MP-9 Str+4}
  1953 | D:3      | Reached XP level 5. HP: 33/33 MP: 5/5
  2056 | D:3      | Found a glowing drain.
  2065 | Sewer    | Entered a sewer
  2095 | Sewer    | Noticed Pargi
  2101 | Sewer    | Killed Pargi
  2102 | Sewer    | Reached XP level 6. HP: 38/38 MP: 6/6
  2417 | D:3      | Reached skill level 5 in Maces & Flails
  2909 | D:4      | Reached skill level 1 in Stealth
  2922 | D:4      | Reached *** piety under Trog
  2994 | D:4      | Noticed Sigmund
  3017 | D:4      | Killed Sigmund
  3018 | D:4      | Reached skill level 1 in Throwing
  3018 | D:4      | Reached XP level 7. HP: 44/44 MP: 7/7
  3022 | D:4      | Reached skill level 6 in Maces & Flails
  3152 | D:4      | Noticed Robin
  3184 | D:4      | Killed Robin
  3209 | D:4      | Noticed Pikel
  3218 | D:4      | HP: 1/66 [Pikel/+0 whip of freezing (9)]
  3218 | D:4      | Slain by Pikel

Illustrated notes

Levels and vault maps discovered:
D:1:      scummos_arrival_gate, layout_loops_ring
D:2:      cheibrodos_helix_gallery, layout_loops_ring, basic_altar,
          ebering_ecumenical_altar_abandoned, minmay_diced_spiral, uniq_jessica
D:3:      layout_basic, gup_sewer_entry_bubbles, minmay_shallow_snake_nest
D:4:      layout_basic, fedhas_altar_1, uniq_robin, uniq_pikel, uniq_sigmund

Skill      XL: |  1  2  3  4  5  6  7 |
---------------+----------------------+-----
Armour         | 3 4 |  4.3
Maces & Flails | 4 5 6 |  6.0
Dodging        | 2 |  2.5
Fighting       | 4 |  4.5
Stealth        | 1 |  1.4
Throwing       | 1 |  1.1

Action                   |  1- 3 |  4- 6 |  7- 9 || total
-------------------------+-------+-------+-------++-------
Melee: Mace              |    81 |       |       ||    81
       Flail             |    32 |   115 |    40 ||   187
       Punch             |     1 |     1 |       ||     2
Throw: Stone             |       |     7 |       ||     7
Invok: Berserk           |       |     2 |     1 ||     3
 Stab: Sleeping          |       |     1 |       ||     1
Armor: Animal skin       |    35 |       |       ||    35
       Leather armour    |    15 |    35 |    20 ||    70
Dodge: Dodged            |    79 |    73 |    24 ||   176
